TOP OF THE 1ST |
---|
Louisiana State Tigers batting - Pitching for Louisville Cardinals : RHP José Trinidad | Pitching: RHP José Trinidad | | Batting: RHB Fernando Rodríguez | 0-0: Called Strike 0-1: Ball 1-1: Ball 2-1: Ball 3-1: Base on Balls | Batting: LHB Jerry Flatt | 0-0: Ball Fernando Rodríguez is caught stealing 2nd base 1-0: Called Strike 1-1: Ball 2-1: Ball 3-1: Base on Balls | Batting: RHB John Howell | 0-0: Ball 1-0: Foul Ball, location: 2F 1-1: Ball 2-1: Called Strike 2-2: Foul Ball, location: 2F 2-2: Fly out, F9 (Flyball, 9D) | Batting: LHB Ronald Wallace | 0-0: Ball 1-0: Ball 2-0: Ball 3-0: Base on Balls Jerry Flatt to second | Batting: RHB Ernesto Quintero | 0-0: Called Strike 0-1: Called Strike 0-2: Ball 1-2: Fly out, F7 (Flyball, 7LS) | Top of the 1st over - 0 runs, 0 hits, 0 errors, 2 left on base; Louisiana State 0 - Louisville 0 | BOTTOM OF THE 1ST |
---|
Louisville Cardinals batting - Pitching for Louisiana State Tigers : LHP Reed MacIntosh | Pitching: LHP Reed MacIntosh | | Batting: RHB José Ortíz | 0-0: Ball 1-0: Ball 2-0: Swinging Strike 2-1: Ball 3-1: Fly out, F8 (Flyball, 8LD) | Batting: LHB Preston Spencer | 0-0: Called Strike 0-1: Ball 1-1: Foul Ball, location: 2F 1-2: Fly out, F8 (Line Drive, 8LS) | Batting: RHB Larry Johnson | 0-0: Ball 1-0: Ball 2-0: Ball 3-0: Called Strike 3-1: Fly out, F8 (Flyball, 89M) | Bottom of the 1st over - 0 runs, 0 hits, 0 errors, 0 left on base; Louisiana State 0 - Louisville 0 | TOP OF THE 2ND |
---|
Louisiana State Tigers batting - Pitching for Louisville Cardinals : RHP José Trinidad | Batting: LHB Rick Owens | 0-0: Ball 1-0: Ball 2-0: Ball 3-0: Called Strike 3-1: Base on Balls | Batting: LHB Mark Potter | 0-0: Ball 1-0: Grounds into double play, 5-4-3 (Groundball, 56) | Batting: RHB Mike Cooley | 0-0: Ball 1-0: Swinging Strike 1-1: Ball 2-1: SOLO HOME RUN (Flyball, 7D), Distance : 354 ft | Batting: RHB Ethan Ramos | 0-0: Called Strike 0-1: Ball 1-1: Foul Ball, location: 2F 1-2: Strikes out swinging | Top of the 2nd over - 1 run, 1 hit, 0 errors, 0 left on base; Louisiana State 1 - Louisville 0 | BOTTOM OF THE 2ND |
---|
Louisville Cardinals batting - Pitching for Louisiana State Tigers : LHP Reed MacIntosh | Batting: RHB Charlie Guzmén | 0-0: Called Strike 0-1: Called Strike 0-2: Ball 1-2: Foul Ball, location: 2F 1-2: Ball 2-2: Ball 3-2: Strikes out swinging | Batting: RHB Roberto Peńa | 0-0: Fly out, F7 (Flyball, 7LS) | Batting: LHB Miguel Rodríguez | 0-0: Fly out, F4 (Popup, 34) | Bottom of the 2nd over - 0 runs, 0 hits, 0 errors, 0 left on base; Louisiana State 1 - Louisville 0 | TOP OF THE 3RD |
---|
Louisiana State Tigers batting - Pitching for Louisville Cardinals : LHP Jon Pearce | Pitching: LHP Jon Pearce | | Batting: RHB Fernando Rodríguez | 0-0: Ball 1-0: Ball 2-0: Ball 3-0: Called Strike 3-1: Swinging Strike 3-2: Fly out, F9 (Flyball, 89D) | Batting: LHB Jerry Flatt | 0-0: Called Strike 0-1: Ball 1-1: Swinging Strike 1-2: Ball 2-2: SOLO HOME RUN (Line Drive, 78XD), Distance : 395 ft | Batting: RHB John Howell | 0-0: Called Strike 0-1: DOUBLE (Line Drive, 7D) | Batting: LHB Ronald Wallace | 0-0: Ball 1-0: Fly out, F8 (Flyball, 8LD) | Batting: RHB Ernesto Quintero | 0-0: Ball 1-0: Ball 2-0: Called Strike 2-1: Fly out, F9 (Flyball, 9S) | Top of the 3rd over - 1 run, 2 hits, 0 errors, 1 left on base; Louisiana State 2 - Louisville 0 | BOTTOM OF THE 3RD |
---|
Louisville Cardinals batting - Pitching for Louisiana State Tigers : LHP Reed MacIntosh | Batting: SHB Dan Williams | 0-0: Called Strike 0-1: Fly out, F7 (Line Drive, 7) | Batting: LHB Francisco Aguilera | 0-0: Fly out, F3 (Popup, 3S) | Batting: SHB Andrés Sandoval | 0-0: Ball 1-0: Fly out, F7 (Flyball, 7LD) | Bottom of the 3rd over - 0 runs, 0 hits, 0 errors, 0 left on base; Louisiana State 2 - Louisville 0 | TOP OF THE 4TH |
---|
Louisiana State Tigers batting - Pitching for Louisville Cardinals : LHP Jon Pearce | Batting: LHB Rick Owens | 0-0: Ball 1-0: Ball 2-0: SINGLE (Groundball, 6D) | Batting: LHB Mark Potter | 0-0: Called Strike 0-1: Ball 1-1: Ball 2-1: Ball Wild Pitch! Rick Owens to second 3-1: SINGLE (Line Drive, 6MD) Rick Owens to third Runner from 3rd tries for Home, SAFE, throw made home | Batting: RHB Mike Cooley | 0-0: Ball 1-0: Called Strike 1-1: Ball 2-1: Foul Ball, location: 2F 2-2: Strikes out looking | Batting: RHB Ethan Ramos | 0-0: Ball 1-0: Ball 2-0: Called Strike 2-1: Foul Ball, location: 2F 2-2: Grounds into double play, 4-6-3 (Groundball, 4) | Top of the 4th over - 1 run, 2 hits, 0 errors, 0 left on base; Louisiana State 3 - Louisville 0 | BOTTOM OF THE 4TH |
---|
Louisville Cardinals batting - Pitching for Louisiana State Tigers : LHP Reed MacIntosh | Batting: RHB José Ortíz | 0-0: Ground out 6-3 (Groundball, 6M) | Batting: LHB Preston Spencer | 0-0: Ball 1-0: Foul Ball, location: 2F 1-1: Ball 2-1: Ground out U3 (Groundball, 34) | Batting: RHB Larry Johnson | 0-0: Called Strike 0-1: Swinging Strike 0-2: Ball 1-2: Strikes out looking | Bottom of the 4th over - 0 runs, 0 hits, 0 errors, 0 left on base; Louisiana State 3 - Louisville 0 | TOP OF THE 5TH |
---|
Louisiana State Tigers batting - Pitching for Louisville Cardinals : LHP Jon Pearce | Batting: RHB Fernando Rodríguez | 0-0: Ball 1-0: Called Strike 1-1: Ground out 4-3 (Groundball, 4D) | Batting: LHB Jerry Flatt | 0-0: Ground out 5-3 (Groundball, 56) | Batting: RHB John Howell | 0-0: Called Strike 0-1: Swinging Strike 0-2: Strikes out swinging | Top of the 5th over - 0 runs, 0 hits, 0 errors, 0 left on base; Louisiana State 3 - Louisville 0 | BOTTOM OF THE 5TH |
---|
Louisville Cardinals batting - Pitching for Louisiana State Tigers : LHP Reed MacIntosh | Batting: RHB Charlie Guzmén | 0-0: Called Strike 0-1: Called Strike 0-2: SINGLE (Line Drive, 4M) | Batting: RHB Roberto Peńa | 0-0: SINGLE (Line Drive, 89S) Charlie Guzmén to second | Batting: LHB Miguel Rodríguez | 0-0: Grounds into double play, 3-6-3 (Groundball, 34) Charlie Guzmén to third | Batting: SHB Dan Williams | 0-0: Ball 1-0: Called Strike 1-1: Swinging Strike 1-2: Strikes out swinging | Bottom of the 5th over - 0 runs, 2 hits, 0 errors, 1 left on base; Louisiana State 3 - Louisville 0 | TOP OF THE 6TH |
---|
Louisiana State Tigers batting - Pitching for Louisville Cardinals : LHP Jon Pearce | Pitching: LHP Scott McLeish | | Batting: LHB Ronald Wallace | 0-0: Swinging Strike 0-1: Ball 1-1: SOLO HOME RUN (Flyball, 89XD), Distance : 389 ft | Batting: RHB Ernesto Quintero | 0-0: SINGLE (Line Drive, 6D) | Batting: LHB Rick Owens | 0-0: Ball 1-0: Ball 2-0: SINGLE (Flyball, 34D) Ernesto Quintero to second Runner from 2nd tries for 3rd, SAFE, throw made to third | Batting: LHB Mark Potter | 0-0: Ball 1-0: Foul Ball, location: 2F 1-1: Ball 2-1: Fly out, F4 (Line Drive, 4) | Batting: RHB Mike Cooley | 0-0: Ball Rick Owens is caught stealing 2nd base 1-0: Called Strike 1-1: Fly out, F8 (Flyball, 8RD) | Top of the 6th over - 1 run, 3 hits, 0 errors, 1 left on base; Louisiana State 4 - Louisville 0 | BOTTOM OF THE 6TH |
---|
Louisville Cardinals batting - Pitching for Louisiana State Tigers : LHP Reed MacIntosh | Batting: LHB Francisco Aguilera | 0-0: Called Strike 0-1: Foul Ball, location: 2F 0-2: Foul Ball, location: 2F 0-2: Ball 1-2: Fly out, F9 (Flyball, 9LSF) | Batting: SHB Andrés Sandoval | 0-0: Called Strike 0-1: Ball 1-1: Ball 2-1: Foul Ball, location: 2F 2-2: Foul Ball, location: 2F 2-2: Ground out 4-3 (Groundball, 4MS) | Batting: RHB José Ortíz | 0-0: Ball 1-0: Ball 2-0: Called Strike 2-1: Swinging Strike 2-2: Ball 3-2: Base on Balls | Batting: LHB Preston Spencer | 0-0: Called Strike 0-1: Swinging Strike 0-2: Foul Ball, location: 2F 0-2: Foul Ball, location: 2F 0-2: Foul Ball, location: 2F 0-2: Ball 1-2: Ball 2-2: Ground out 4-3 (Groundball, 4) | Bottom of the 6th over - 0 runs, 0 hits, 0 errors, 1 left on base; Louisiana State 4 - Louisville 0 | TOP OF THE 7TH |
---|
Louisiana State Tigers batting - Pitching for Louisville Cardinals : LHP Scott McLeish | Batting: RHB Ethan Ramos | 0-0: Called Strike 0-1: Foul Ball, location: 2F 0-2: Foul Ball, location: 2F 0-2: Ball 1-2: Strikes out swinging | Batting: RHB Fernando Rodríguez | 0-0: Ball 1-0: Ground out 4-3 (Groundball, 4) | Pitching: LHP Chris Belcher | | Batting: LHB Jerry Flatt | 0-0: Called Strike 0-1: Foul Ball, location: 2F 0-2: Foul Ball, location: 2F 0-2: Strikes out swinging | Top of the 7th over - 0 runs, 0 hits, 0 errors, 0 left on base; Louisiana State 4 - Louisville 0 | BOTTOM OF THE 7TH |
---|
Louisville Cardinals batting - Pitching for Louisiana State Tigers : LHP Reed MacIntosh | Batting: RHB Larry Johnson | 0-0: Ball 1-0: Called Strike 1-1: Called Strike 1-2: Ball 2-2: Foul Ball, location: 2F 2-2: Foul Ball, location: 2F 2-2: Strikes out swinging | Batting: RHB Charlie Guzmén | 0-0: Called Strike 0-1: Fly out, F3 (Popup, 34S) | Batting: RHB Roberto Peńa | 0-0: Called Strike 0-1: Ball 1-1: Called Strike 1-2: Ball 2-2: Foul Ball, location: 2F 2-2: Strikes out looking | Bottom of the 7th over - 0 runs, 0 hits, 0 errors, 0 left on base; Louisiana State 4 - Louisville 0 | TOP OF THE 8TH |
---|
Louisiana State Tigers batting - Pitching for Louisville Cardinals : LHP Chris Belcher | Batting: RHB John Howell | 0-0: Ground out 5-3 (Groundball, 5S) | Batting: LHB Ronald Wallace | 0-0: Ball 1-0: Ball 2-0: Ground out U3 (Groundball, 3) | Batting: RHB Ernesto Quintero | 0-0: Ball 1-0: Foul Ball, location: 2F 1-1: Called Strike 1-2: Ball 2-2: Ball 3-2: Reached on error, E5 (Groundball, 56S) | Batting: LHB Rick Owens | 0-0: Called Strike 0-1: Foul Ball, location: 2F 0-2: Ball 1-2: Strikes out swinging | Top of the 8th over - 0 runs, 0 hits, 1 error, 1 left on base; Louisiana State 4 - Louisville 0 | BOTTOM OF THE 8TH |
---|
Louisville Cardinals batting - Pitching for Louisiana State Tigers : LHP Derek Jacobs | Pitching: LHP Derek Jacobs | | Batting: LHB Miguel Rodríguez | 0-0: Foul Ball, location: 2F 0-1: Foul Ball, location: 2F 0-2: Strikes out swinging | Batting: SHB Dan Williams | 0-0: Fly out, F8 (Flyball, 8LM) | Batting: LHB Francisco Aguilera | 0-0: Called Strike 0-1: Ball 1-1: Ball 2-1: Ball 3-1: Foul Ball, location: 2F 3-2: Ground out 4-3 (Groundball, 4MD) | Bottom of the 8th over - 0 runs, 0 hits, 0 errors, 0 left on base; Louisiana State 4 - Louisville 0 | TOP OF THE 9TH |
---|
Louisiana State Tigers batting - Pitching for Louisville Cardinals : LHP Chris Belcher | Batting: LHB Mark Potter | 0-0: Called Strike 0-1: Called Strike 0-2: Ball 1-2: Strikes out swinging | Batting: RHB Mike Cooley | 0-0: Foul Ball, location: 2F 0-1: Fly out, F7 (Line Drive, 7) | Batting: RHB Ethan Ramos | 0-0: SINGLE (Flyball, 9S) | Batting: RHB Fernando Rodríguez | 0-0: Ball Ethan Ramos steals 2nd base 1-0: Called Strike 1-1: Foul Ball, location: 2F 1-2: Hit by Pitch | Batting: LHB Jerry Flatt | 0-0: Ball 1-0: Foul Ball, location: 2F 1-1: Called Strike 1-2: Strikes out looking | Top of the 9th over - 0 runs, 1 hit, 0 errors, 2 left on base; Louisiana State 4 - Louisville 0 | BOTTOM OF THE 9TH |
---|
Louisville Cardinals batting - Pitching for Louisiana State Tigers : LHP Derek Jacobs | Batting: SHB Andrés Sandoval | 0-0: Swinging Strike 0-1: Called Strike 0-2: Ball 1-2: Strikes out looking | Batting: RHB José Ortíz | 0-0: Ball 1-0: Ball 2-0: Fly out, F6 (Line Drive, 6MD) | Batting: LHB Preston Spencer | 0-0: Foul Ball, location: 2F 0-1: Foul Ball, location: 2F 0-2: Foul Ball, location: 2F 0-2: Foul Ball, location: 2F 0-2: Strikes out swinging | Bottom of the 9th over - 0 runs, 0 hits, 0 errors, 0 left on base; Louisiana State 4 - Louisville 0 | |